 Dungeon Crawl Stone Soup version 0.27-a0-1105-g946c659c87 (webtiles) character file.

Game seed: 12417953509904352712

235 1player the Sneak (level 5, 0/25 HPs)
             Began as a Spriggan Enchanter on Apr 29, 2021.
             Was an Initiate of Gozag.
             Slain by Grinder (5 damage)
             ... on level 4 of the Dungeon.
             The game lasted 00:09:32 (4970 turns).

1player the Sneak (Spriggan Enchanter)              Turns: 4970, Time: 00:09:32

Health: 0/25       AC:  2    Str:  4    XL:     5   Next: 76%
Magic:  7/10       EV: 19    Int: 16    God:    Gozag
Gold:   292        SH:  0    Dex: 17    Spells: 3/9 levels left

rFire    . . .     SeeInvis +   a - +0 dagger (drain)
rCold    . . .     Faith    .   (shield restricted)
rNeg     . . .     Spirit   .   d - +0 robe
rPois    .         Reflect  .   (helmet restricted)
rElec    .         Harm     .   (no cloak)
rCorr    .         Rampage  .   (gloves unavailable)
Will     .....                  (boots unavailable)
Stlth    +++.......             (no amulet)
HPRegen  0.08/turn              (no ring)
MPRegen  0.12/turn              (no ring)

@: confusing by touch, very quick
A: very small, no large weapons, unfitting armour, see invisible, speed 3
a: Renounce Religion, Potion Petition, Call Merchant, Bribe Branch


You were on level 4 of the Dungeon.
You worshipped Gozag.
Gozag was aware of your devotion.
You visited 1 branch of the dungeon, and saw 4 of its levels.

You collected 329 gold pieces.
You paid 37 gold pieces to Gozag.

Inventory:

Hand Weapons
 a - a +0 dagger of draining (weapon)
 b - a +0 hunting sling
 f - a +0 short sword
 k - a +1 dagger
Missiles
 e - 35 stones
Armour
 d - a +0 robe (worn)
Scrolls
 h - 2 scrolls of immolation {unknown}
 j - a scroll of blinking {unknown}
 n - a scroll of enchant weapon {unknown}
 p - a scroll of vulnerability {unknown}
 q - a scroll of amnesia {unknown}
Potions
 c - 2 potions of might
 i - a potion of attraction
 m - a potion of resistance
 o - a potion of mutation {!q}
 r - a potion of heal wounds {unknown}
 s - a potion of magic
 t - a potion of brilliance {unknown}


   Skills:
 + Level 0.6 Fighting
 - Level 1.1 Short Blades
 + Level 5.0 Dodging
 - Level 6.4 Stealth
 - Level 2.6 Spellcasting
 - Level 5.5 Hexes


You had 3 spell levels left.
You knew the following spells:

 Your Spells              Type           Power      Damage    Failure   Level
a - Corona                Hex            22%        N/A       1%          1
q - Confusing Touch       Hex            20%        N/A       6%          3
z - Ensorcelled Hibernat  Hex/Ice        22%        N/A       10%         2

Your spell library contained the following spells:

 Spells                   Type           Power      Damage    Failure   Level
 Tukima's Dance           Hex            20%        N/A       6%          3
 Beastly Appendage        Tmut           4%         N/A       19%         1
 Dazzling Flash           Conj/Hex       22%        N/A       19%         3
 Wereblood                Tmut           2%         N/A       28%         2
 Spider Form              Tmut/Pois      1%         N/A       50%         3
 Ice Form                 Ice/Tmut       2%         N/A       88%         4
 Hydra Form               Tmut           1%         N/A       99%         5


Dungeon Overview and Level Annotations

Branches:
Dungeon (4/15)
 Temple: D:4-7

Altars:
Gozag
Xom

Annotations:
D:4 Grinder


Innate Abilities, Weirdness & Mutations

You are very small and have problems with some larger weapons.
You are too small for most types of armour.
You have supernaturally acute eyesight. (SInv)
You cover ground extremely quickly. (Speed+++)


Message History

Grinder hits you.
You writhe in agony.
You completely miss Grinder.
Grinder is severely wounded.
Grinder blinks!
Grinder blinks!
You closely miss Grinder.
Grinder is severely wounded.
Grinder completely misses you.
You hit Grinder.
Grinder is severely wounded.
Grinder misses you.
You barely miss Grinder.
Grinder is severely wounded.
Grinder misses you.
You closely miss Grinder.
Grinder is severely wounded.
Grinder barely misses you.
You hit Grinder but do no damage.
Grinder is severely wounded.
Grinder misses you.
You hit Grinder.
Grinder is severely wounded.
Grinder blinks!
Casting: Confusing Touch (quite dangerous; 6% risk of failure)
Confirm with . or Enter, or press ? or * to list all spells.
The spell is quite dangerous to cast (6% risk of failure)!
Continue anyway? [Y]es or [N]o only, please.
The spell is quite dangerous to cast (6% risk of failure)!
Continue anyway?
Your hands begin to glow red.
Grinder gestures at you.
You suddenly lose the ability to move!
Grinder blinks! x2
You can move again.
Grinder hits you!
* * * LOW HITPOINT WARNING * * *
You barely miss Grinder.
Grinder is severely wounded.
Grinder hits you.
You die...
Your body crumbles into a pile of gold.

#....# ...
#######....## ..##
............ ...
.......... ..#
###.......####..#
................##
#.......# #....#
...
#...5$..###..#.#..
...
#....@.............
...
#.......$######^###
## #.# ########.#..
.[. .. #.# #.#.#
#.##.# #####.#
#.#.#####.##.##
...#.######
###.#...........#
######.#......#
#.........#..#..#
........#####.#
#.........##.#..#
........# #.#
#.........##.#..#


You could see Grinder.

Vanquished Creatures
  An orc priest (D:3)
  2 iguanas
  An orc wizard (D:3)
  A hound skeleton (D:2)
  5 adders (D:2)
  2 dart slugs (D:3)
  An orc (D:3)
  7 ball pythons
  3 endoplasms
  3 giant cockroaches
  5 goblins
  7 hobgoblins
  5 jackals (D:1)
  4 quokkas
  6 bats
  4 frilled lizards
  11 kobolds
  A rat (D:1)
69 creatures vanquished.

Vanquished Creatures (others)
  10 plants (D:1)
10 creatures vanquished.

Grand Total: 79 creatures vanquished

Notes
Turn   | Place    | Note
-------+----------+-------------------------------------------
     0 | D:1      | 1player the Spriggan Enchanter began the quest for the Orb.
     0 | D:1      | Reached XP level 1. HP: 9/9 MP: 5/5
  1002 | D:1      | Reached XP level 2. HP: 13/13 MP: 6/6
  1010 | D:1      | Learned a level 2 spell: Ensorcelled Hibernation
  1061 | D:1      | Reached skill level 5 in Stealth
  1354 | D:1      | Found a faded altar of an unknown god.
  2320 | D:2      | Reached XP level 3. HP: 16/16 MP: 8/8
  2474 | D:2      | Reached XP level 4. HP: 21/21 MP: 6/9
  2891 | D:3      | Found an opulent altar of Gozag.
  2934 | D:3      | Became a worshipper of Gozag Ym Sagoz the Greedy
  3248 | D:2      | Reached skill level 6 in Stealth
  3576 | D:2      | Reached skill level 5 in Hexes
  3664 | D:2      | Reached XP level 5. HP: 24/24 MP: 10/10
  3921 | D:3      | Learned a level 3 spell: Confusing Touch
  4237 | D:3      | Found a shimmering altar of Xom.
  4663 | D:4      | Reached skill level 5 in Dodging
  4759 | D:4      | Identified the +1 ring mail of the Fife {Int+5 Dex-5 SInv}
  4759 | D:4      | Noticed Grinder
  4963 | D:4      | Paralysed by Grinder for 5 turns
  4970 | D:4      | Slain by Grinder

Illustrated notes

Levels and vault maps discovered:
D:1:      heliophobic_arrival_enchanted_forest, layout_basic,
          ebering_ecumenical_altar_rust, chequers_big_river
D:2:      layout_basic
D:3:      layout_loops_ring, nicolae_gozag_seed_capital, general_overflow_altar
D:4:      layout_basic, uniq_grinder, uniq_edmund, uniq_eustachio

Skill      XL: |  1  2  3  4  5 |
---------------+----------------+-----
Dodging        | 3 4 5 |  5.0
Stealth        | 5 6 |  6.4
Hexes          | 4 5 |  5.5
Fighting       | |  0.6
Short Blades   | |  1.1
Spellcasting   | |  2.6

Action                   |  1- 3 |  4- 6 || total
-------------------------+-------+-------++-------
Melee: Dagger            |    74 |   133 ||   207
 Fire: Hunting sling     |    11 |       ||    11
 Cast: Corona            |     7 |     3 ||    10
       Ensorcelled Hiber |    10 |    14 ||    24
       Confusing Touch   |       |     2 ||     2
  Use: Scroll            |       |     6 ||     6
       Potion            |       |     1 ||     1
 Stab: Sleeping          |    20 |    25 ||    45
       Confused          |       |     1 ||     1
Armor: Robe              |     7 |     6 ||    13
Dodge: Dodged            |    53 |    86 ||   139

Table legend: (Time is in decaauts)
 A = Elapsed time spent in this place.
 B = Non-inter-level travel time spent in this place.
 C = Inter-level travel time spent in this place.
 D = Time resting spent in this place.
 E = Time spent auto-exploring this place.
 F = Levels seen in this place.
 G = Mean time per level.
                   A        B        C        D        E       F      G
               +--------+--------+--------+--------+--------+-----+--------+
         Total |   3610 |   3520 |     90 |   1107 |   1489 |   4 |  902.5 |
       Dungeon |   3610 |   3520 |     90 |   1107 |   1489 |   4 |  902.5 |
               +--------+--------+--------+--------+--------+-----+--------+

Top non-repeatable levels by time:
     D:1: 1725 daAuts
     D:2: 882 daAuts
     D:3: 749 daAuts
     D:4: 251 daAuts
